 Dungeon Crawl Stone Soup version 0.28-a0-422-gd71735cc25 (webtiles) character file.

Game seed: 8232028975845037791

187 heikuro the Shield-Bearer (level 5, -10/42 HPs)
             Began as a Formicid Fighter on Sept 8, 2021.
             Was a Plaything of Xom.
             Mangled by an ogre (12 damage)
             ... on level 4 of the Dungeon.
             The game lasted 00:03:52 (3182 turns).

heikuro the Shield-Bearer (Formicid Fighter)        Turns: 3182, Time: 00:03:53

Health: -10/42     AC:  7    Str: 21    XL:     5   Next: 99%
Magic:  5/5        EV:  9    Int:  8    God:    Xom [.*....]
Gold:   102        SH:  4    Dex: 10    Spells: 4/4 levels left

rFire   + . .      SeeInvis +   a - +0 long sword
rCold   . . .      Faith    .   c - +0 buckler
rNeg    . . .      Spirit   .   b - +0 scale mail
rPois   .          Reflect  .   (helmet unavailable)
rElec   .          Harm     .   (no cloak)
rCorr   .          Rampage  .   (no gloves)
Will    .....                   (no boots)
Stlth   ..........              (no amulet)
HPRegen 0.14/turn               m - ring of protection from fire
MPRegen 0.09/turn               (no ring)

@: no status effects
A: permanent stasis, dig shafts and tunnels, antennae 3, four strong arms
a: Dig, Shaft Self, Renounce Religion


You were on level 4 of the Dungeon.
You worshipped Xom.
You were a plaything of Xom.
You visited 1 branch of the dungeon, and saw 4 of its levels.

You collected 102 gold pieces.

Inventory:

Hand Weapons
 a - a +0 long sword (weapon)
Missiles
 h - 15 poisoned darts (quivered)
Armour
 b - a +0 scale mail (worn)
 c - a +0 buckler (worn)
Jewellery
 m - a ring of protection from fire (left hand)
Scrolls
 e - 2 scrolls of blinking {unknown}
 f - a scroll of teleportation {unknown}
 g - 2 scrolls of immolation {unknown}
 j - a scroll of amnesia {unknown}
 n - a scroll of vulnerability {unknown}
 p - a scroll of holy word {unknown}
Potions
 d - a potion of might
 k - a potion of magic
 l - a potion of curing


   Skills:
 + Level 4.1 Fighting
 * Level 3.9 Long Blades
 + Level 4.2 Armour
 + Level 4.6 Shields


You had 4 spell levels left.
You didn't know any spells.
Your spell library contained the following spells:

 Spells                   Type           Power      Damage    Failure   Level
 Ensorcelled Hibernation  Hex/Ice        0%         N/A       86%         2
 Spider Form              Tmut/Pois      0%         N/A       98%         3
 Fireball                 Conj/Fire      0%         3d3       100%        5
 Iskenderun's Battlesphe  Conj           0%         2d6       100%        5
 Conjure Ball Lightning   Conj/Air       0%         3x3d6     100%        6
 Orb of Destruction       Conj           0%         N/A       100%        7


Dungeon Overview and Level Annotations

Branches:
Dungeon (4/15)
 Temple: D:4-7

Altars:
Cheibriados
Xom

Shops:
D:2 *


Innate Abilities, Weirdness & Mutations

You cannot be hasted, slowed, berserked, paralysed or teleported.
You can dig through walls and to a lower floor.
You have a pair of large antennae on your head. (SInv)
Your four strong arms can wield two-handed weapons with a shield.


Message History

You barely miss the ogre.
The ogre is moderately wounded.
The ogre hits you with a +0 giant club!
You hit the ogre but do no damage.
The ogre is moderately wounded.
The ogre hits you with a +0 giant club.
You closely miss the ogre.
The ogre is heavily wounded.
You are now a plaything of Xom.
The ogre hits you with a +0 giant club!
You are too injured to fight recklessly!
You are too injured to fight recklessly!
You are too injured to fight recklessly!
You are too injured to fight recklessly!
You slash the ogre!
The ogre is almost dead.
You kill the ogre!
Your Fighting skill increases to level 4!
Your Armour skill increases to level 4!
You swing at nothing.
You swing at nothing.
An ogre comes into view. It is wielding a +0 giant spiked club.
Things that are here:
a +0 giant club; an ogre corpse You see here a poisoned dart.
You see here a poisoned dart.
You see here a poisoned dart.
You hit the ogre but do no damage. The ogre completely misses you.
You slash the ogre!
The ogre is moderately wounded.
The ogre barely misses you.
You hit the ogre.
The ogre is moderately wounded.
The ogre hits you with a +0 giant spiked club!
* * * LOW HITPOINT WARNING * * *
You slash the ogre!
The ogre is severely wounded.
The ogre hits you with a +0 giant spiked club!
You die...
Xom titters!

#### ...# #
#..## .#
#..# #.#
##.<###..#
#..)@O...#..
#..#(..(....
#.#.(...(...
#.#........#
#.#........#
# #.........
#........#
##.......#
##....###


You could see an ogre.

Vanquished Creatures
  An ogre (D:4)
  3 adders
  A dart slug (D:1)
  6 ball pythons
  5 bats
  5 endoplasms
  8 giant cockroaches
  8 goblins
  7 hobgoblins
  7 jackals (D:1)
  5 kobolds
  A quokka (D:3)
  11 frilled lizards
  5 rats
73 creatures vanquished.

Notes
Turn   | Place    | Note
-------+----------+-------------------------------------------
     0 | D:1      | heikuro the Formicid Fighter began the quest for the Orb.
     0 | D:1      | Reached XP level 1. HP: 18/18 MP: 1/1
    84 | D:1      | Reached XP level 2. HP: 20/24 MP: 2/2
   369 | D:1      | Reached XP level 3. HP: 29/29 MP: 3/3
  1456 | D:2      | Reached XP level 4. HP: 32/37 MP: 4/4
  1645 | D:2      | Found a snail-covered altar of Cheibriados.
  1862 | D:2      | Found a faded altar of an unknown god.
  1880 | D:2      | Became a worshipper of Xom of Chaos
  2028 | D:2      | XOM: cloud trail
  2048 | D:2      | Found Laona's Assorted Antiques.
  2482 | D:3      | Reached XP level 5. HP: 19/42 MP: 5/5
  3161 | D:4      | Noticed an ogre
  3166 | D:4      | XOM: noise
  3171 | D:4      | Killed an ogre
  3174 | D:4      | Noticed an ogre
  3181 | D:4      | HP: 2/42 [ogre (15)]
  3182 | D:4      | Mangled by an ogre

Illustrated notes

Levels and vault maps discovered:
D:1:      dpeg_arrival_rhombi, layout_basic
D:2:      layout_loops_cross, basic_altar, basic_ecumenical_altar, serial_shops,
          nicolae_shop_trees
D:3:      layout_basic
D:4:      layout_layer_cave, hellmonk_ghost_happy_afterlife,
          nicolae_shop_sticking_my_neck_out, uniq_pikel, uniq_sigmund,
          uniq_duvessa

Skill      XL: |  1  2  3  4  5 |
---------------+----------------+-----
Shields        | 4 |  4.6
Long Blades    | 3 |  3.9
Fighting       | 4 |  4.1
Armour         | 4 |  4.2

Action                   |  1- 3 |  4- 6 || total
-------------------------+-------+-------++-------
Melee: Long sword        |   122 |   129 ||   251
Throw: Dart              |       |     5 ||     5
  Use: Scroll            |       |     3 ||     3
Armor: Scale mail        |    61 |    66 ||   127
Dodge: Dodged            |    62 |    59 ||   121
Block: Buckler           |    35 |    20 ||    55

Table legend: (Time is in decaauts)
 A = Elapsed time spent in this place.
 B = Non-inter-level travel time spent in this place.
 C = Inter-level travel time spent in this place.
 D = Time resting spent in this place.
 E = Time spent auto-exploring this place.
 F = Levels seen in this place.
 G = Mean time per level.
                   A        B        C        D        E       F      G
               +--------+--------+--------+--------+--------+-----+--------+
         Total |   3245 |   3118 |    127 |    584 |   1847 |   4 |  811.2 |
       Dungeon |   3245 |   3118 |    127 |    584 |   1847 |   4 |  811.2 |
               +--------+--------+--------+--------+--------+-----+--------+

Top non-repeatable levels by time:
     D:1: 1321 daAuts
     D:3: 1005 daAuts
     D:2: 896 daAuts
     D:4: 23 daAuts
